 Dungeon Crawl Stone Soup version 0.31.0-9-g3a7656b989 (webtiles) character file.

Game seed: 17049271613999754178

487 Peloso the Covered (level 6, 0/56 HPs)
             Began as a Minotaur Fighter on Feb 6, 2024.
             Slain by a sky beast (1 damage)
             ... on level 7 of the Dungeon.
             The game lasted 00:05:16 (2589 turns).

Peloso the Covered (Minotaur Fighter)               Turns: 2589, Time: 00:05:17

Health: 0/56       AC:  8    Str: 21    XL:     6   Next: 89%
Magic:  5/5        EV: 10    Int:  5    God:
Gold:   252        SH:  5    Dex: 11    Spells: 5/5 levels left

rFire   . . .        a - +0 long sword
rCold   . . .        d - +0 buckler
rNeg    . . .        c - +1 scale mail {rPois}
rPois   +            (helmet restricted)
rElec   .            (no cloak)
rCorr   .            (no gloves)
SInv    .            (no boots)
Will    .....        (no amulet) Stlth
                     (no ring)
HPRegen 0.29/turn    (no ring)
MPRegen 0.09/turn

%: no passive effects
@: lethally poisoned (0 -> -9)
A: horns 2, retaliatory headbutt
a: no special abilities


You were on level 7 of the Dungeon.
You visited 1 branch of the dungeon, and saw 6 of its levels.

You collected 252 gold pieces.

Inventory:

Hand Weapons
 a - a +0 long sword (weapon)
 b - the +10 mace of Nosa Onoyd {freeze, Str+4}
   (You found it on level 4 of the Dungeon)

   Str+4:     It affects your strength (+4).
Armour
 c - a +1 scale mail of poison resistance (worn)
 d - a +0 buckler (worn)
Jewellery
 h - a +6 ring of intelligence
 s - a ring of see invisible
Scrolls
 e - a scroll of identify
 f - a scroll of teleportation
 i - a scroll of fog
 j - a scroll of fear
 l - a scroll of immolation {unknown}
 o - a scroll of enchant armour {unknown}
 p - a scroll of vulnerability {unknown}
 q - a scroll of enchant weapon {unknown}
 u - a scroll of noise {unknown}
 w - 2 scrolls of amnesia {unknown}
Potions
 g - 2 potions of curing
 k - a potion of might
 m - a potion of resistance
 n - a potion of cancellation
 r - 3 potions of haste
 t - a potion of heal wounds
 v - a potion of brilliance


   Skills:
 + Level 5.1 Fighting
 + Level 5.2 Long Blades
 + Level 5.8 Armour
 + Level 1.9 Dodging
 + Level 0.3 Stealth
 + Level 5.0 Shields


You had 5 spell levels left.
You didn't know any spells.
Your spell library contained the following spells:

 Spells                   Type           Power      Damage    Failure   Level
 Apportation              Tloc           0%         N/A       86%         1
 Necrotise                Necr           0%         1d4       86%         1
 Sting                    Conj/Alch      0%         1d3       86%         1
 Summon Small Mammal      Summ           0%         N/A       86%         1
 Ensorcelled Hibernation  Hex/Ice        0%         N/A       94%         2
 Call Canine Familiar     Summ           0%         N/A       99%         3
 Passwall                 Erth           0%         N/A       99%         3
 Swiftness                Air            0%         N/A       99%         3
 Summon Blazeheart Golem  Fire/Summ      0%         N/A       100%        4


Dungeon Overview and Level Annotations

Branches:
Dungeon (5/15)
 Temple: D:4-7

Altars:


Innate Abilities, Weirdness & Mutations

You have a pair of horns on your head.
You reflexively headbutt those who attack you in melee.


Message History

Reactivating autopickup.
The sky beast hits you but does no damage.
The killer bee stings you!
* * * LOW HITPOINT WARNING * * *
You feel better.
The killer bee stings you but does no damage.
The sky beast barely misses you. The killer bee barely misses you.
You furiously retaliate!
You headbutt the killer bee!
You kill the killer bee!
Your Shields skill increases to level 5!
You closely miss the sky beast.
The sky beast is moderately wounded.
The killer bee barely misses you. You furiously retaliate!
You headbutt the killer bee!
The sky beast hits you but does no damage.
The killer bee stings you.
* * * LOW HITPOINT WARNING * * *
You barely miss the sky beast.
The sky beast is moderately wounded.
The killer bee closely misses you. You block the sky beast's attack.
The killer bee closely misses you.
Unknown command.
You hit the sky beast but do no damage.
The sky beast is moderately wounded.
The killer bee stings you.
* * * LOW HITPOINT WARNING * * *
The sky beast hits you but does no damage.
The killer bee stings you.
* * * LOW HITPOINT WARNING * * *
The sky beast flickers out of sight!
Deactivating autopickup; reactivate with Ctrl-A.
Something completely misses you.
You miss something. You block the killer bee's attack.
The killer bee stings you.
* * * LOW HITPOINT WARNING * * *
You are lethally poisoned!
The killer bee poisons you! The killer bee stings you.
* * * LOW HITPOINT WARNING * * *
Something hits you.
You die...

#......# #......#
#......#
#######+#......#
#..............#
#...........####
#...........#
##.######y..........#
......{@yyy....>#####
###.###########.# #.#
#y# .y. ... ....


You could see 4 killer bees.

Vanquished Creatures
  A kobold brigand (D:4)
  3 scorpions
  A killer bee (D:7)
  2 hounds (D:4)
  4 gnolls
  2 adders
  2 dart slugs
  5 orcs (D:3)
  4 ball pythons
  7 endoplasms
  5 giant cockroaches
  11 goblins
  2 hobgoblins (D:1)
  2 jackals (D:2)
  6 quokkas
  2 bats
  5 frilled lizards
  3 kobolds
  3 rats
70 creatures vanquished.

Notes
Turn   | Place    | Note
-------+----------+-------------------------------------------
     0 | D:1      | Peloso the Minotaur Fighter began the quest for the Orb.
     0 | D:1      | Reached XP level 1. HP: 19/19 MP: 0/0
   112 | D:1      | Reached XP level 2. HP: 27/27 MP: 1/1
  1061 | D:2      | Reached XP level 3. HP: 33/33 MP: 2/2
  1239 | D:3      | Found a faded altar of an unknown god.
  1354 | D:3      | Reached XP level 4. HP: 34/40 MP: 3/3
  1728 | D:3      | Noticed a scorpion
  1733 | D:3      | Reached skill level 5 in Armour
  1743 | D:3      | Killed a scorpion
  1744 | D:3      | Reached skill level 1 in Dodging
  1744 | D:3      | Reached XP level 5. HP: 41/47 MP: 4/4
  1878 | D:4      | Reached XP level 6. HP: 7/55 MP: 5/5
  2279 | D:4      | Reached skill level 5 in Fighting
  2279 | D:4      | Reached skill level 5 in Long Blades
  2384 | D:4      | Identified the +10 mace of Nosa Onoyd {freeze, Str+4}
  2485 | D:5      | Entered Level 5 of the Dungeon
  2544 | D:5      | You fall into a shaft and drop 2 floors!
  2577 | D:7      | Noticed a sky beast
  2586 | D:7      | Reached skill level 5 in Shields
  2589 | D:7      | HP: 2/56 [killer bee (2)]
  2589 | D:7      | Slain by a sky beast

Illustrated notes

Levels and vault maps discovered:
D:1:      minmay_arrival_solitary_statue, layout_rooms
D:2:      layout_loops_corners, minmay_statues_item
D:3:      layout_basic, ebering_ecumenical_altar_abandoned
D:4:      layout_rooms, nicolae_zig_zag_zippers
D:5:      layout_loops_ring, nicolae_ru_awakened_eye, kennysheep_generic_room_12
D:7:      cheibrodos_shockbox, layout_basic, kennysheep_okawaru_gauntlet,
          kennysheep_little_box, minmay_temple_entry_hall, uniq_maurice

Skill      XL: |  1  2  3  4  5  6 |
---------------+-------------------+-----
Fighting       | 4 5 |  5.1
Shields        | 4 5 |  5.0
Armour         | 4 5 |  5.8
Long Blades    | 3 4 5 |  5.2
Dodging        | 1 |  1.9
Stealth        | |  0.3

Action                     |  1- 3 |  4- 6 || total
---------------------------+-------+-------++-------
  Melee: Long sword        |    81 |   110 ||   191
         Headbutt          |    10 |    12 ||    22
    Use: Potion            |     1 |     1 ||     2
         Scroll            |     2 |     7 ||     9
 Armour: Scale mail        |    61 |   104 ||   165
  Dodge: Dodged            |    50 |    59 ||   109
  Block: Buckler           |    24 |    34 ||    58
